 Dungeon Crawl Stone Soup version 0.20.0-15-g7f486f2 (webtiles) character file.

60 JeffiDaFish the Ruffian (level 3, 0/33 HPs)
             Began as a Troll Transmuter on June 15, 2017.
             Slain by a gnoll
             ... wielding a +0 flail
              (9 damage)
             ... on level 2 of the Dungeon.
             The game lasted 00:04:17 (973 turns).

JeffiDaFish the Ruffian (Troll Transmuter)           Turns: 973, Time: 00:04:18

Health: 0/33       AC:  7    Str: 18    XL:     3   Next: 82%
Magic:  12/13      EV: 10    Int:  9    God:
Gold:   92         SH:  0    Dex: 11    Spells: 2/5 levels left

rFire    . . .     SeeInvis .   l - +0 dagger (elec)
rCold    . . .     Gourm    +   (no shield)
rNeg     . . .     Faith    .   b - +0 robe
rPois    .         Spirit   .   (helmet restricted)
rElec    .         Reflect  .   j - +1 cloak
rCorr    .         Harm     .   (gloves unavailable)
MR       .....                  (boots unavailable)
Stlth    +.........             (no amulet)
Regen    0.6/turn               f - ring of flight
MPRegen  0.2/turn               i - ring of magical power

@: appendage (expiring)
A: unfitting armour, claws 3, horns 2, fast metabolism 3, gourmand, regeneration
1, shaggy fur 1, tough skin 2
a: End Transformation, Evoke Flight


You were on level 2 of the Dungeon.
You were very full.
You had grown temporary horns.
You visited 1 branch of the dungeon, and saw 3 of its levels.

You collected 92 gold pieces.

Inventory:

Hand Weapons
 l - a +0 dagger of electrocution (weapon)
Missiles
 a - 12 arrows
Armour
 b - a +0 robe (worn)
 j - a +1 cloak (worn)
Jewellery
 f - a ring of flight (left claw)
 i - a ring of magical power (right claw)
Scrolls
 e - a scroll of magic mapping
 h - a scroll of identify
Books
 c - a book of Changes

   Spells                             Type                      Level
   a - Beastly Appendage              Transmutation                1
   b - Sticks to Snakes               Transmutation                2
   c - Spider Form                    Transmutation/Poison         3
   d - Ice Form                       Ice/Transmutation            4
   e - Blade Hands                    Transmutation                5
Comestibles
 d - 2 bread rations
 g - 3 meat rations


   Skills:
 + Level 1.0 Fighting
 + Level 2.0 Dodging
 + Level 3.9 Unarmed Combat
 + Level 1.5 Spellcasting
 + Level 1.6 Transmutations


You had 2 spell levels left.
You knew the following spells:

 Your Spells              Type           Power        Failure   Level  Hunger
a - Beastly Appendage     Tmut           #.....       19%         1    ##.....
b - Sticks to Snakes      Tmut           #.......     26%         2    ###....


Dungeon Overview and Level Annotations

Branches:
Dungeon (3/15)

Altars:
Cheibriados
Gozag


Innate Abilities, Weirdness & Mutations

You are too large for most types of armour.
You have claws for hands.
Your metabolism is lightning-fast.
You like to eat raw meat.
Your natural rate of healing is unusually fast.
You are covered in fur. (AC +1)
You have very tough skin. (AC +2)
You have a pair of horns on your head.


Message History

Ouch! That really hurt!
The gnoll barely misses you.
You are too injured to fight recklessly!
There is a stone staircase leading up here.
The gnoll hits you but does no damage. x2
You climb upwards.
There is a stone staircase leading down here.
Casting: Beastly Appendage
Confirm with . or Enter, or press ? or * to list all spells.
You grow a pair of large bovine horns.
The gnoll completely misses you.
You hit the gnoll.
The gnoll is lightly wounded.
The gnoll hits you with a flail!
* * * LOW HITPOINT WARNING * * *
You closely miss the gnoll. You claw the gnoll.
The gnoll is moderately wounded.
You barely miss the gnoll.
The gnoll is moderately wounded.
The gnoll hits you with a flail!
You die...

##.#### ###.## #..#####
#... #......# ###.
######.# ### #.###
#######..
#...###(......#
#####......#######
######g.....#####
#.....@...#...#####
#.........###.....#####
#......................
#.........##########...
########### ####


You could see a gnoll.

Vanquished Creatures
  A gnoll (D:3)
  2 adders (D:2)
  An ooze (D:2)
  A worm (D:2)
  2 dart slugs (D:2)
  A leopard gecko (D:1)
  2 bats
  3 goblins
  A hobgoblin (D:3)
  A quokka (D:2)
  4 frilled lizards
  2 kobolds
  2 rats
23 creatures vanquished.

Notes
Turn   | Place    | Note
-------+----------+-------------------------------------------
     0 | D:1      | JeffiDaFish the Troll Transmuter began the quest for the Orb.
     0 | D:1      | Reached XP level 1. HP: 18/18 MP: 1/1
   431 | D:2      | Reached XP level 2. HP: 26/26 MP: 0/3
   475 | D:2      | Learned a level 2 spell: Sticks to Snakes
   480 | D:2      | Found a snail-covered altar of Cheibriados.
   549 | D:2      | Reached skill level 1 in Fighting
   575 | D:2      | Reached XP level 3. HP: 33/33 MP: 4/4
   649 | D:2      | Found an opulent altar of Gozag.
   973 | D:2      | Slain by a gnoll

Skill      XL: |  1  2  3 |
---------------+----------+-----
Fighting       | 1 |  1.0
Dodging        | 2 |  2.0
Unarmed Combat | |  3.9
Spellcasting   | |  1.5
Transmutations | |  1.6

Action                   || total
-------------------------++-------
Melee: Unarmed           ||    33
       Headbutt          ||     4
       Kick              ||     3
       Dagger            ||    32
       Punch             ||     2
 Cast: Beastly Appendage ||     8
  Use: Potion            ||     4
       Scroll            ||     4
  Eat: Chunk             ||    14
Armor: Robe              ||    27
Dodge: Dodged            ||    31
